 Dungeon Crawl Stone Soup version 0.31.0-9-g3a7656b989 (webtiles) character file.

Game seed: 17016681684616978379

116 Gumption the Chiller (level 5, -4/35 HPs)
             Began as a Merfolk Ice Elementalist on Jan 28, 2024.
             Killed from afar by an orc wizard (8 damage)
             ... with a puff of flame
             ... on level 3 of the Dungeon.
             The game lasted 00:29:37 (3824 turns).

Gumption the Chiller (Merfolk Ice Elementalist)     Turns: 3824, Time: 00:29:38

Health: -4/35      AC:  4    Str:  9    XL:     5   Next: 0%
Magic:  7/9        EV: 13    Int: 16    God:
Gold:   165        SH:  0    Dex: 14    Spells: 6/10 levels left

rFire   . . .        i - +0 short sword
rCold   . . .        (no shield)
rNeg    . . .        h - +0 leather armour
rPois   .            q - +0 helmet
rElec   .            (no cloak)
rCorr   .            (no gloves)
SInv    .            (no boots)
Will    .....        (no amulet)
Stlth   +            (no ring)
HPRegen 0.25/turn    (no ring)
MPRegen 0.11/turn

%: no passive effects
@: confused
A: (nimble swimmer 2), mertail
a: no special abilities


You were on level 3 of the Dungeon.
You visited 1 branch of the dungeon, and saw 3 of its levels.

You collected 165 gold pieces.

Inventory:

Hand Weapons
 i - a +0 short sword (weapon)
Missiles
 e - 21 stones
 j - 4 boomerangs
Armour
 h - a +0 leather armour (worn)
 q - a +0 helmet (worn)
Scrolls
 a - a scroll of blinking {unknown}
 d - a scroll of fog {unknown}
 f - 2 scrolls of identify {unknown}
 g - a scroll of enchant armour {unknown}
 k - 2 scrolls of teleportation {unknown}
 m - 2 scrolls of poison {unknown}
 o - 3 scrolls of amnesia {unknown}
 r - a scroll of immolation {unknown}
 t - a scroll of noise {unknown}
Potions
 b - a potion of magic
 c - a potion of resistance {unknown}
 l - a potion of enlightenment {unknown}
 n - a potion of lignification {unknown}
 p - a potion of heal wounds {unknown}
 s - a potion of might {unknown}


   Skills:
 + Level 4.3 Dodging
 - Level 2.2 Stealth
 + Level 3.0 Spellcasting
 + Level 5.3 Ice Magic


You had 6 spell levels left.
You knew the following spells:

 Your Spells              Type           Power      Damage    Failure   Level
a - Freeze                Ice            76%        1d8       3%          1
b - Frozen Ramparts       Ice            38%        1d6       9%          3

Your spell library contained the following spells:

 Spells                   Type           Power      Damage    Failure   Level
 Ozocubu's Armour         Ice            19%        N/A       9%          3
 Summon Ice Beast         Ice/Summ       11%        N/A       26%         3


Dungeon Overview and Level Annotations

Branches:
Dungeon (3/15)

Altars:

Annotations:
D:3 Sigmund


Innate Abilities, Weirdness & Mutations

((You are very nimble when in or above water. (Stealth+, EV+, Speed+++)))
Your lower body shifts to a powerful aquatic tail in water.


Message History

Casting: Freeze (safe; 3% risk of failure)
Confirm with . or Enter, or press ? or * to list all spells.
Aiming: Freeze (safe; 3% risk of failure)
Press: ? - help, Shift-Dir - straight line You freeze something.
You hear some strange, mumbled words.
You are confused.
You hear some strange, mumbled words.
A magic dart appears from out of thin air!
The magic dart hits you.
You completely miss something.
You hear some strange, mumbled words.
A magic dart appears from out of thin air!
The magic dart hits you!
You're too confused to move!
You hear some strange, mumbled words.
You are more confused.
You closely miss something. Something hits you.
* * * LOW HITPOINT WARNING * * *
You bump into the rock wall.
You hear some strange, mumbled words.
Something tries to affect you, but you resist.
You closely miss something. Something hits you but does no damage.
You barely miss something.
You hear some strange, mumbled words.
You are more confused.
You bump into the rock wall.
Something hits you.
* * * LOW HITPOINT WARNING * * *
You bump into the rock wall.
Something hits you.
* * * LOW HITPOINT WARNING * * *
You bump into the rock wall.
Something hits you.
* * * LOW HITPOINT WARNING * * *
You bump into the rock wall.
Something hits you.
* * * LOW HITPOINT WARNING * * *
You bump into the rock wall.
Something hits you but does no damage.
You're too confused to move!
You hear some strange, mumbled words.
A puff of flame appears from out of thin air!
The puff of flame hits you!
You die...

####.............##
...........#...##
....#.......###.##
#................# ##..
..#####..###.# ..# #.# ###.#
#.# ##.# #.###...# #.##
####..###.....######..######
.......#...#....@.###...<..#
.........########{).#......#
........## ###.#......#
.......## #........#
.......# ###......# .......#
#......# .......# #......#
.......# #......# ########
#......#


There were no monsters in sight!

Vanquished Creatures
  A jelly (D:3)
  An orc priest (D:3)
  3 ribbon worms (D:2)
  An orc (D:3)
  A ball python (D:1)
  3 bats
  6 endoplasms
  3 goblins
  2 hobgoblins (D:3)
  10 jackals
  2 kobolds (D:1)
  3 quokkas (D:1)
  4 frilled lizards
  3 rats
43 creatures vanquished.

Vanquished Creatures (others)
  A bat (D:3)
1 creature vanquished.

Grand Total: 44 creatures vanquished

Notes
Turn   | Place    | Note
-------+----------+-------------------------------------------
     0 | D:1      | Gumption the Merfolk Ice Elementalist began the quest for
                  | the Orb.
     0 | D:1      | Reached XP level 1. HP: 13/13 MP: 3/3
   399 | D:1      | Reached XP level 2. HP: 19/19 MP: 1/5
   848 | D:1      | Reached XP level 3. HP: 24/24 MP: 6/6
   885 | D:1      | Learned a level 3 spell: Frozen Ramparts
  2081 | D:2      | Reached skill level 5 in Ice Magic
  2696 | D:3      | Noticed Sigmund
  3363 | D:3      | Reached XP level 4. HP: 12/30 MP: 2/8
  3801 | D:3      | Reached XP level 5. HP: 24/35 MP: 9/9
  3824 | D:3      | Killed from afar by an orc wizard

Illustrated notes

Levels and vault maps discovered:
D:1:      spicycebolla_arrival_ecumenical, layout_rooms
D:2:      layout_basic
D:3:      layout_rooms, uniq_sigmund

Skill      XL: |  1  2  3  4 |
---------------+-------------+-----
Dodging        | 3 4 |  4.3
Ice Magic      | 5 |  5.3
Spellcasting   | 3 |  3.0
Stealth        | |  2.2

Action                     |  1- 3 |  4- 6 || total
---------------------------+-------+-------++-------
  Melee: Short sword       |    32 |     7 ||    39
   Cast: Freeze            |    62 |     9 ||    71
         Frozen Ramparts   |       |     1 ||     1
 Armour: Leather armour    |    42 |    37 ||    79
         Robe              |     1 |       ||     1
  Dodge: Dodged            |    45 |    28 ||    73
